Map: [ESL] Hecate

Players

Reaper

  • Race: Zerg Zerg
  • Spawn Location: 7:00

Gerald - Winner!

  • Race: Protoss Protoss
  • Spawn Location: 1:00

Event: ESL SC2 Masters 2023 Winter (Finals)

VOD

Have the link to the VOD?

Description

Time

  • Played on: Dec. 15, 2023, 10:37 a.m.
  • Length: 2:56

All games in this series

Show
View Real Time Build Order
Export as new Build Order

Reaper Zerg 

Build Orders: Pool Only 

Get SALT Encoding   

  12  0:17  Spawning Pool  
  11  0:21  Drone  
  11  0:26  Drone  
  13  0:32  Drone  
  14  0:41  Overlord  
  14  1:04  Zergling x4  
  14  1:05  Zergling x2  
  17  1:15  Zergling x2  
  18  1:29  Zergling x2  
  19  1:43  Zergling x2  
  18  1:55  Zergling x2  
  18  2:00  Zergling x2  
  20  2:09  Zergling x2  
Show
View Real Time Build Order
Export as new Build Order

Gerald Protoss - Winner!

Build Orders:  

Get SALT Encoding   

  12  0:00  Probe  
  13  0:12  Probe  
  14  0:20  Pylon  
  14  0:24  Probe  
  15  0:38  Probe (Chrono Boost)  
  15  0:40  Gateway  
  16  0:46  Probe (Chrono Boost)  
  17  0:50  Assimilator  
  17  0:52  Probe  
  18  1:05  Probe  
  18  1:10  Forge  
  19  1:17  Probe  
  20  1:25  Zealot (Chrono Boost)  
  20  1:30  Cybernetics Core  
  20  1:45  Photon Cannon  
  21  1:50  Pylon  
  20  1:54  Pylon  
  20  1:55  Probe  
  18  2:32  Photon Cannon  
Tags
 
Add a new tag
Caveats
  • Supply blocks, unpowered buildings, or Contaminate may cause inaccurate times.
  • Supply counts are checked every 10 seconds.